General information
- name: BNet
- type: Ladder 1vs1/FFA
- host: Battle.net
- saver: ROTS19
map: BrokenShard
- players: 2
- length: 37:12
- speed: Fast
- version: 1.26 W3XP
- replay type: Public
» download(111 KB)
Players
team 1 (loser)
nickibones (
blue | 36 APM | 1345 actions | 37:10)
5 Goblin Tinker
3 Pocket Factory
2 Engineering Upgrade
6 Keeper of the Grove
3 Entangling Roots
2 Thorns Aura
1 Tranquility
» actions
| Basic commands | 1 | |
| Build / train | 136 | |
| ESC pressed | 5 | |
| Enter build submenu | 30 | |
| Enter hero's abilities submenu | 11 | |
| Give item / drop item | 1 | |
| Remove unit from queue | 3 | |
| Right click | 441 | |
| Select / deselect | 560 | |
| Use ability | 157 | |
1345 total
» units
| Wisp | 37 | |
| Archer | 7 | |
| Huntress | 12 | |
| Glaive Thrower | 3 | |
| Druid of the Claw | 18 | |
| Dryad | 5 | |
| Mountain Giant | 4 | |
| Faerie Dragon | 1 | |
| Druid of the Talon | 8 | |
95 total
» upgrades
| Ultravision | 1 | |
| Strength of the Wild | 3 | |
| Reinforced Hides | 3 | |
| Vorpal Blades | 1 | |
| Sentinel | 1 | |
| Improved Bows | 1 | |
| Druid of the Claw Training | 2 | |
| Nature's Blessing | 1 | |
| Abolish Magic | 1 | |
| Druid of the Talon Training | 2 | |
| Well Spring | 1 | |
| Hardened Skin | 1 | |
| Resistant Skin | 1 | |
19 total
» buildings
| Moon Well | 6 | |
| Ancient of War | 2 | |
| Altar of Elders | 1 | |
| Ancient of Wonders | 3 | |
| Hunter's Hall | 1 | |
| Ancient Protector | 3 | |
| Tree of Ages | 1 | |
| Ancient of Lore | 1 | |
| Tree of Life | 2 | |
| Ancient of Wind | 1 | |
| Tree of Eternity | 1 | |
| Chimaera Roost | 1 | |
23 total
» build order
00:28 Moon Well
00:41 Ancient of War
00:52 Altar of Elders
02:00 Moon Well
02:22 Ancient of Wonders
02:28 Ancient of Wonders
03:06 Hunter's Hall
03:16 Moon Well
04:15 Moon Well
04:19 Ancient Protector
04:24 Ancient Protector
06:08 Tree of Ages
09:10 Ancient of Lore
09:17 Moon Well
16:58 Tree of Life
17:01 Tree of Life
18:23 Moon Well
21:31 Ancient of War
21:35 Ancient of Wind
22:05 Ancient Protector
23:26 Tree of Eternity
26:49 Ancient of Wonders
33:25 Chimaera Roost
» items
| Potion of Healing | 1 | |
| Scroll of Town Portal | 1 | |
| Moonstone | 1 | |
| Orb of Venom | 1 | |
4 total
team 2 (winner)

»
ROTS19 (
orange | 82 APM | 3041 actions | 37:12)
7 Archmage
3 Summon Water Elemental
3 Brilliance Aura
1 Mass Teleport
5 Mountain King
3 Storm Bolt
2 Bash
4 Paladin
2 Holy Light
2 Divine Shield
» actions
| Assign group hotkey | 104 | |
| Basic commands | 104 | |
| Build / train | 120 | |
| ESC pressed | 6 | |
| Enter build submenu | 31 | |
| Enter hero's abilities submenu | 16 | |
| Give item / drop item | 5 | |
| Right click | 1206 | |
| Select / deselect | 683 | |
| Select group hotkey | 587 | |
| Use ability | 178 | |
3041 total
» units
| Peasant | 9 | |
| Footman | 14 | |
| Rifleman | 4 | |
| Sorceress | 6 | |
| Priest | 11 | |
| Knight | 8 | |
| Spell Breaker | 4 | |
56 total
» upgrades
| Masonry | 3 | |
| Defend | 1 | |
| Plating | 3 | |
| Long Rifles | 1 | |
| Sorceress Training | 2 | |
| Animal War Training | 1 | |
| Gunpowder | 1 | |
| Swords | 3 | |
| Priest Training | 2 | |
| Magic Sentry | 1 | |
18 total
» buildings
| Altar of Kings | 1 | |
| Barracks | 2 | |
| Farm | 11 | |
| Scout Tower | 6 | |
| Lumber Mill | 1 | |
| Arcane Tower | 1 | |
| Guard Tower | 5 | |
| Arcane Vault | 1 | |
| Keep | 1 | |
| Blacksmith | 1 | |
| Arcane Sanctum | 1 | |
| Castle | 1 | |
| Town Hall | 2 | |
34 total
» build order
00:12 Altar of Kings
00:15 Barracks
00:24 Farm
01:31 Farm
01:56 Farm
02:08 Farm
02:41 Farm
03:23 Scout Tower
03:26 Lumber Mill
03:47 Scout Tower
03:54 Farm
04:07 Arcane Tower
04:46 Guard Tower
04:56 Arcane Vault
05:57 Barracks
05:59 Keep
06:01 Scout Tower
06:33 Guard Tower
06:36 Scout Tower
07:04 Guard Tower
07:58 Blacksmith
08:18 Scout Tower
08:47 Guard Tower
10:01 Farm
11:22 Arcane Sanctum
12:34 Farm
13:20 Castle
15:46 Farm
18:47 Farm
18:52 Farm
23:14 Town Hall
25:38 Scout Tower
26:33 Guard Tower
35:06 Town Hall
» items
| Lesser Clarity Potion | 5 | |
| Potion of Healing | 8 | |
| Scroll of Regeneration | 5 | |
18 total
Chat log
(00:29 / All) ROTS19: H
(00:29 / All) ROTS19: I
(00:32 / All) nickibones: yo
(02:50 / All) ROTS19: Never played on this map
(03:58 / All) nickibones: i havent seen that old of a human build in awhile
(04:12 / All) ROTS19: really?
(04:29 / All) ROTS19: Not really paying attention to my build lol
(04:43 / All) nickibones: most ppl block now
(04:47 / All) ROTS19: yeah
(05:13 / All) ROTS19: I'm not very used to playing hum
(05:23 / All) ROTS19: Better with ud
(05:24 / All) nickibones: word
(19:48 / All) nickibones: your hero huntl panzy dude
(19:53 / All) ROTS19: lol
(20:06 / All) ROTS19: "you killed my heroes. You're a pansy."
(20:22 / All) ROTS19: sorry, I'm not following
(20:38 / All) ROTS19: How does that make sense?
(26:15 / All) ROTS19: You're pretty good
(34:00 / All) nickibones: so far good match man
(34:04 / All) ROTS19: yeah
(35:56 / All) nickibones: eh shit gg
(35:58 / All) ROTS19: gg
(35:59 / All) ROTS19: very gg
(36:04 / All) nickibones: i'd press on but i gota go to work now
(36:08 / All) ROTS19: ok
(36:09 / All) nickibones: my expo is loaded with chimes lol
(36:11 / All) ROTS19: was awesome fun
(36:12 / All) ROTS19: oh
(36:14 / All) ROTS19: where was it?
(36:16 / All) ROTS19: couldn't find it
(36:17 / All) ROTS19: Lol
(36:21 / All) nickibones: top left lol
(36:24 / All) ROTS19: oh
(36:24 / All) ROTS19: damn
(36:25 / All) ROTS19: Lol
(36:31 / All) nickibones: i was bout to head your base but ya earned this one hey
(36:38 / All) ROTS19: cool
(36:40 / All) nickibones: decent playin with ya clan bc if ya need
(36:42 / All) ROTS19: yeah man was crayzy
(36:43 / All) ROTS19: ok
(36:54 / All) nickibones: peace bra keep it up
(36:56 / All) ROTS19: k seeya
(37:02 / All) nickibones: next time block your base make it mad harder for me to hit ya
(37:05 / All) ROTS19: yeah
(37:09 / All) nickibones: late
(37:09 / All) ROTS19: i neve rplayed this map